 Seeded DCSS version 0.30.1 (webtiles) character file.

Game seed: 2120021135704932504 (custom seed)

1141 sircluck the Cleaver (level 8, -11/103 (105) HPs)
             Began as a Hill Orc Berserker on July 8, 2023.
             Was a Priest of Trog.
             Killed by an exploding orc (15 damage)
             ... ignited by their inner flame
             ... on level 5 of the Dungeon.
             The game lasted 00:12:54 (5603 turns).

sircluck the Cleaver (Hill Orc Berserker)           Turns: 5603, Time: 00:12:54

HP:   -11/103 (105) AC: 21    Str: 26    XL:     8   Next: 37%
MP:   0/8           EV:  8    Int:  6    God:    Trog [***...]
Gold: 219           SH:  0    Dex:  9    Spells: 7/7 levels left

rFire   x . .        a - +0 hand axe
rCold   . . .        (no shield)
rNeg    . . .        y - +0 plate armour
rPois   .            f - +1 helmet
rElec   .            i - +2 cloak
rCorr   .            d - +2 pair of gloves
SInv    .            (no boots)
Will    +....        p - amulet of guardian spirit Stlth
                     s - ring of willpower
HPRegen 0.37/turn    (no ring)
MPRegen 0.11/turn

%: guardian spirit
@: berserking, lightly drained, very quick
A: strong 1, heat vulnerability 1
a: Renounce Religion, Berserk, Trog's Hand


You were on level 5 of the Dungeon.
You worshipped Trog.
Trog was most pleased with you.
You visited 1 branch of the dungeon, and saw 6 of its levels.

You collected 239 gold pieces.
You spent 20 gold pieces at shops.

Inventory:

Hand Weapons
 a - a +0 hand axe (weapon)
 h - a +2 dagger of venom
Missiles
 e - 4 javelins
 l - 9 stones (quivered)
 q - 12 poisoned darts
Armour
 b - a +0 animal skin
 d - a +2 pair of gloves (worn)
 f - a +1 helmet (worn)
 i - a +2 cloak (worn)
 k - a +0 chain mail
 y - a +0 plate armour (worn)
Jewellery
 p - an amulet of guardian spirit (around neck)
 s - a ring of willpower (left hand)
 C - the amulet "Civik" {Drain +Blink Regen+ rCorr Slay-3}
   (You found it on level 4 of the Dungeon)

   [amulet of regeneration]

   Slay:      It affects your accuracy & damage with ranged weapons and melee
   (-3).
   +Blink:    It lets you blink.
   Regen:     It increases your rate of health regeneration.
   rCorr:     It protects you from acid and corrosion.
   Drain:     It drains your maximum health when unequipped.
Wands
 E - a wand of charming (6)
Scrolls
 c - a scroll of amnesia
 g - a scroll of teleportation {unknown}
 r - a scroll of summoning {unknown}
 t - 4 scrolls of identify
 v - a scroll of enchant armour {unknown}
 z - a scroll of immolation
 B - a scroll of noise {unknown}
 D - a scroll of torment {unknown}
Potions
 j - a potion of haste {unknown}
 m - a potion of resistance {unknown}
 n - 2 potions of cancellation
 o - 2 potions of curing
 u - 2 potions of lignification {unknown}
 w - a potion of brilliance {unknown}
 x - a potion of flight {unknown}
 A - a potion of attraction {unknown}


   Skills:
 + Level 6.1 Fighting
 + Level 9.1 Axes
 + Level 1.3 Throwing
 + Level 5.3 Armour
 + Level 2.7 Dodging
 + Level 1.6 Stealth


You had 7 spell levels left.
You didn't know any spells.
Your spell library was empty.

Dungeon Overview and Level Annotations

Branches:
Dungeon (6/15)
 Temple: D:4-7

Altars:
Gozag
Sif Muna
Trog

Shops:
D:1 (   D:2 ?   D:3 !

Annotations:
D:3 2 transporters, monsoonserge's ghost, amateur MeFi


Innate Abilities, Weirdness & Mutations

Your muscles are strong. (Str +4, Int/Dex -1)
You are vulnerable to heat. (rF-)


Message History

It was a scroll of immolation.
The orc priest miscasts a cantrip.
The centaur completely misses you. The centaur barely misses you.
You feel better.
The centaur hits you but does no damage.
The centaur kicks you but does no damage.
The orc misses you. The orc hits you with a +0 hand axe.
The centaur hits you but does no damage.
The centaur kicks you but does no damage.
You slash the centaur!
Flame seeps out of the centaur.
The centaur is moderately wounded.
You closely miss the orc.
The orc priest shouts, "Beogh is our master!
Accept the truth or die!"
You hit the orc but do no damage. The orc hits you with a +0 short sword.
The orc closely misses you.
The centaur is engulfed in blazing flames.
Flame seeps out of the centaur.
The centaur barely misses you.
The centaur kicks you but does no damage.
A red film seems to cover your vision as you go berserk!
You feel yourself moving faster!
You feel mighty!
The centaur is engulfed in blazing flames.
You feel the power of Trog in you as your rage grows.
Trog accepts your kill.
The centaur explodes!
The fiery explosion engulfs the orc!!
Trog accepts your kill.
The fiery explosion engulfs the orc!!
Trog accepts your kill. The fiery explosion engulfs you!!!
The fire burns you terribly!
* * * LOW HITPOINT WARNING * * *
The fiery explosion engulfs the orc priest!!
Trog accepts your kill.
The orc priest explodes!
The fiery explosion engulfs the orc priest!!
Trog accepts your kill.
The fiery explosion engulfs the orc!!!
Trog accepts your kill.
The orc explodes!
The fiery explosion engulfs you! The fire burns you terribly!
You die...

#.### #....
####...#######
#....
#............#
#####
#............#
#............#
#............#
#............#
######.#######
######@####
#...§○§§..#
#...§§§§§.#
#....§§§..#
#.........#
#.........#
#.........#
#.........#
#.........# ##


There were no monsters in sight!

Vanquished Creatures
  An ogre (D:4)
  2 centaurs (D:5)
  A kobold brigand (D:4)
  A scorpion (D:4)
  4 hounds
  Crazy Yiuf (D:2)
  A jelly (D:4)
  5 orc priests
  A gnoll bouda (D:4)
  5 iguanas
  A sleepcap (D:5)
  Terence (D:2)
  6 orc wizards
  10 adders
  A white imp (D:5)
  2 ufetubi
  2 worms
  A dart slug (D:2)
  18 orcs
  6 ball pythons
  16 endoplasms
  2 giant cockroaches (D:3)
  5 goblins
  9 hobgoblins
  13 jackals
  4 quokkas
  2 bats (D:1)
  A frilled lizard (D:2)
  5 rats
127 creatures vanquished.

Vanquished Creatures (others)
  An orc wizard (D:5)
1 creature vanquished.

Grand Total: 128 creatures vanquished

Notes
Turn   | Place    | Note
-------+----------+-------------------------------------------
     0 | D:1      | sircluck the Hill Orc Berserker began the quest for the
                  | Orb.
     0 | D:1      | Reached XP level 1. HP: 19/19 MP: 1/1
   261 | D:1      | Reached XP level 2. HP: 27/27 MP: 2/2
   428 | D:1      | Reached XP level 3. HP: 30/33 MP: 3/3
   823 | D:1      | Found Monet's Antique Weapon Shoppe.
  1203 | D:2      | Found Estrevvyd's Magic Scroll Boutique.
  1227 | D:2      | Reached skill level 5 in Axes
  1243 | D:2      | Bought a scroll of identify for 20 gold pieces
  1397 | D:2      | Found a faded altar of an unknown god.
  1433 | D:2      | Noticed Terence
  1446 | D:2      | Killed Terence
  1446 | D:2      | Reached ** piety under Trog
  1447 | D:2      | Reached XP level 4. HP: 38/41 MP: 4/4
  1673 | D:2      | Found a runed translucent door.
  1674 | D:2      | Noticed Crazy Yiuf
  2110 | D:2      | Killed Crazy Yiuf
  2111 | D:2      | Reached XP level 5. HP: 47/47 MP: 3/5
  2371 | D:3      | Found Fioly's Distillery.
  2378 | D:3      | Reached skill level 6 in Axes
  2407 | D:3      | Identified the +4 dagger of Zudaw {flame, *Corrode rPois
                  | Int+2 Stlth+}
  2792 | D:3      | Found a transporter.
  2794 | D:3      | Noticed monsoonserge's ghost (amateur MeFi)
  2795 | D:3      | Found a transporter.
  2795 | D:3      | Identified the +4 great mace of Blood-Lust {venom, rElec
                  | Str+2}
  2795 | D:3      | Noticed an ogre
  2796 | D:3      | Noticed an ogre
  2914 | D:3      | Reached skill level 1 in Stealth
  3298 | D:3      | Reached skill level 5 in Fighting
  3298 | D:3      | Reached XP level 6. HP: 48/56 MP: 4/6
  3599 | D:4      | Found a bloodstained altar of Trog.
  3865 | D:4      | Reached XP level 7. HP: 61/61 MP: 5/7
  3969 | D:4      | Reached skill level 7 in Axes
  4052 | D:4      | Reached *** piety under Trog
  4094 | D:4      | Identified the amulet "Civik" {Drain +Blink Regen+ rCorr
                  | Slay-3}
  4280 | D:4      | Gained mutation: You are frail. (-10% HP) [potion of
                  | mutation]
  4280 | D:4      | Gained mutation: You are partially covered in iridescent
                  | scales. (AC +2) [potion of mutation]
  4281 | D:4      | Lost mutation: You are partially covered in iridescent
                  | scales. (AC +2) [potion of mutation]
  4281 | D:4      | Lost mutation: You are frail. (-10% HP) [potion of
                  | mutation]
  4281 | D:4      | Gained mutation: You are vulnerable to heat. (rF-) [potion
                  | of mutation]
  4281 | D:4      | Gained mutation: Your muscles are strong. (Str +4, Int/Dex
                  | -1) [potion of mutation]
  4640 | D:5      | Entered Level 5 of the Dungeon
  4723 | D:5      | Found a shimmering blue altar of Sif Muna.
  4776 | D:5      | Reached skill level 5 in Armour
  4784 | D:5      | Reached skill level 8 in Axes
  4837 | D:5      | Reached XP level 8. HP: 64/70 MP: 6/8
  5263 | D:6      | Found an opulent altar of Gozag.
  5391 | D:6      | Reached skill level 9 in Axes
  5391 | D:6      | Reached skill level 1 in Throwing
  5603 | D:5      | HP: 4/103 [spore (38)]
  5603 | D:5      | Killed by an exploding orc... ignited by their inner flame

Illustrated notes

Levels and vault maps discovered:
D:1:      nicolae_arrival_somewhat_less_tricky_arrival, layout_basic,
          serial_shops, shop
D:2:      cheibrodos_helix_gallery, layout_basic, serial_shops, shop,
          hellmonk_ecumenical_altar_crossroads, uniq_terence,
          uniq_crazy_yiuf_cottage
D:3:      layout_loops_ring, gammafunk_ghost_smash, serial_shops, shop
D:4:      minmay_chambers_of_threes, layout_cave_pools, trog_book,
          serial_co_window_serial, co_window_paths_b, co_window_paths_a,
          co_window_of_opportunity_a, co_window_of_opportunity_a,
          co_window_corner_a, co_window_paths_b, co_window_paths_a,
          co_window_broadway_c, co_window_corner_cb, co_window_corner_ca,
          co_window_corner_ca, co_window_paths_c, glass_columns_a,
          glass_columns_a, glass_columns_b
D:5:      layout_basic, led_sif_book
D:6:      wander_river, layout_loops_ring, lemuel_zombie_altar_kikubaaqudgha,
          mainiacjoe_overflow_cross_hatched, old_standard_altar,
          corexii_leaking_fountain, chequers_arboretum, kennysheep_windowed_goal

Skill      XL: |  1  2  3  4  5  6  7  8 |
---------------+-------------------------+-----
Fighting       | 4 5 6 |  6.1
Axes           | 5 6 8 9 |  9.1
Dodging        | 2 |  2.7
Armour         | 3 5 |  5.3
Stealth        | 1 |  1.6
Throwing       | 1 |  1.3

Action                     |  1- 3 |  4- 6 |  7- 9 || total
---------------------------+-------+-------+-------++-------
  Melee: Hand axe          |   117 |   205 |   201 ||   523
         Punch             |       |     4 |       ||     4
  Throw: Javelin           |     2 |     1 |     4 ||     7
         Stone             |       |       |    36 ||    36
         Dart              |       |       |     4 ||     4
 Invoke: Berserk           |       |     2 |     2 ||     4
    Use: Scroll            |       |     5 |     3 ||     8
         Potion            |       |       |     4 ||     4
 Armour: Animal skin       |    18 |       |       ||    18
         Chain mail        |    40 |    65 |       ||   105
         Plate armour      |       |    65 |   143 ||   208
  Dodge: Dodged            |    53 |    68 |    77 ||   198
